AoeStats
← s0828123

Arabia

503133699Analyzed
3v3 RM · 1mo ago on Aug 30, 2026· 35m 2s· 6 players
Game mode
Random Map
Map size
Normal (6 player)
Population
200
Speed
Normal
Resources
Standard
Victory
Conquest
Starting age
Dark Age
Ending age
Imperial Age
RankedLock teamsTeams togetherTeam positionsShared explorationLock speedFull tech treeHidden civsTurbo modeCheats
Victory
Defeat
🇭🇰 Spanish · Hong Kong SAR China
1023
+15
🇭🇰 Byzantines · Hong Kong SAR China
1018
+15
🇭🇰 Britons · Hong Kong SAR China
923
+20
🇬🇧 Saracens · United Kingdom
1057
-19
🇩🇪 Ethiopians · Germany
995
-16
🇩🇪 Persians · Germany
971
-15
TheClassicMettigel
10:34 Feudal Age
16:34 Castle Age
15:47 Horse Collar
17:29 Heavy Plow
22:16 Loom
25:10 Gold Mining
27:44 Forging
27:36 Scale Mail Armor
28:52 Squires
29:08 Royal Heirs
29:57 Chain Mail Armor
31:41 Iron Casting
34:00 Ballistics
34:50 Murder Holes
RoachY
3:39 Loom
10:37 Feudal Age
11:39 Double-Bit Axe
11:40 Horse Collar
20:43 Castle Age
19:28 Fletching
27:35 Bodkin Arrow
29:34 Padded Archer Armor
31:02 Ballistics
NMircea
10:46 Feudal Age
11:20 Double-Bit Axe
16:23 Horse Collar
19:18 Fletching
28:58 Castle Age
27:47 Gold Mining
27:47 Stone Mining
28:52 Padded Archer Armor
29:03 Forging
29:06 Elite Skirmisher
s0828123
3:03 Loom
12:29 Feudal Age
18:28 Castle Age
18:08 Gold Mining
18:06 Double-Bit Axe
18:25 Horse Collar
22:05 Heavy Plow
26:34 Wheelbarrow
27:50 Gold Shaft Mining
29:22 Hand Cart
29:29 Bow Saw
不知者
10:12 Feudal Age
12:21 Loom
13:34 Double-Bit Axe
16:33 Fletching
24:06 Castle Age
24:17 Gold Mining
24:19 Crossbowman
25:15 Bow Saw
27:38 Bodkin Arrow
29:16 Gold Shaft Mining
29:25 Wheelbarrow
28:53 Padded Archer Armor
31:26 Stone Mining
32:01 Hand Cart
32:04 Leather Archer Armor
32:01 Horse Collar
33:45 Ballistics
37:26 Imperial Age
WKC
12:02 Feudal Age
12:40 Loom
16:29 Castle Age
14:47 Double-Bit Axe
16:18 Horse Collar
18:43 Bow Saw
25:48 Husbandry
29:39 Padded Archer Armor
Connection lost

Rejoining the realm…

Still unreachable

The connection could not be restored.

Session expired

The server has moved on; the page needs a fresh start.